AoeStats
← n8gallagher

Four Lakes

510036925Analyzed
1v1 RM · 2d ago on Sep 29, 2026· 66m 36s· 2 players
Game mode
Random Map
Map size
Tiny (2 player)
Population
200
Speed
Normal
Resources
Standard
Victory
Conquest
Starting age
Dark Age
Ending age
Imperial Age
RankedLock teamsTeams togetherTeam positionsShared explorationLock speedFull tech treeHidden civsTurbo modeCheats
Victory
Defeat
🇺🇸 Bohemians · United States
528
+19
🇨🇦 Burmese · Canada
585
-19
n8gallagher
13:24 Feudal Age
14:51 Wheelbarrow
15:20 Double-Bit Axe
21:53 Castle Age
20:10 Scale Mail Armor
20:20 Forging
20:18 Scale Barding Armor
20:45 Fishing Lines
22:34 Loom
22:49 Pikeman
23:29 Squires
23:50 Chain Mail Armor
26:42 Bow Saw
29:11 Iron Casting
31:17 Chain Barding Armor
32:01 Chemistry
31:25 Ballistics
31:00 Murder Holes
31:50 Gillnets
39:19 Hand Cart
38:50 Town Watch
41:36 Masonry
45:00 Elite Skirmisher
54:25 Imperial Age
57:39 Plate Mail Armor
58:10 Blast Furnace
57:10 Padded Archer Armor
57:01 Fletching
60:19 Architecture
59:37 Houfnice
breadandcrust
12:14 Feudal Age
14:16 Wheelbarrow
14:07 Gold Mining
14:07 Stone Mining
19:28 Castle Age
17:37 Horse Collar
20:17 Forging
20:07 Scale Mail Armor
20:13 Scale Barding Armor
21:11 Bloodlines
22:41 Chain Mail Armor
23:07 Heavy Plow
23:49 Gold Shaft Mining
26:13 Gambesons
29:19 Hand Cart
30:12 Man-at-Arms
33:12 Long Swordsman
37:25 Iron Casting
36:41 Fletching
45:05 Imperial Age
45:53 Capped Ram
47:25 Two-Handed Swordsman
58:26 Chain Barding Armor
66:44 Blast Furnace
66:15 Plate Mail Armor
67:26 Ballistics
Connection lost

Rejoining the realm…

Still unreachable

The connection could not be restored.

Session expired

The server has moved on; the page needs a fresh start.